 Dungeon Crawl Stone Soup version 0.27.1-34-g3ba077fa99 (webtiles) character file.

Game seed: 4278694196722351568

271 cbfl8 the Sneak (level 6, -1/45 (53) HPs)
             Began as a Minotaur Delver on Jan 27, 2022.
             Killed by divine providence
             ... invoked by an orc priest
              (13 damage)
             ... on level 4 of the Dungeon.
             The game lasted 00:03:05 (1147 turns).

cbfl8 the Sneak (Minotaur Delver)                   Turns: 1147, Time: 00:03:06

HP:   -1/45 (53)    AC:  8    Str: 19    XL:     6   Next: 2%
MP:   5/5           EV:  8    Int: 13    God:
Gold: 73            SH:  0    Dex: 11    Spells: 5/5 levels left

rFire    . . .     SeeInvis .   a - +0 hand axe
rCold    . . .     Faith    .   (no shield)
rNeg     . . .     Spirit   .   m - +0 chain mail
rPois    .         Reflect  .   (helmet restricted)
rElec    .         Harm     .   (no cloak)
rCorr    .         Rampage  .   (no gloves)
Will     .....                  (no boots)
Stlth    ..........             i - amulet of regeneration
HPRegen  1.15/turn              h - +6 ring of intelligence
MPRegen  0.09/turn              (no ring)

@: heavily drained
A: horns 2, retaliatory headbutt
a: no special abilities


You were on level 4 of the Dungeon.
You visited 1 branch of the dungeon, and saw 2 of its levels.

You collected 73 gold pieces.

Inventory:

Hand Weapons
 a - a +0 hand axe (weapon)
Armour
 b - a +0 leather armour
 m - a +0 chain mail (worn)
Jewellery
 h - a +6 ring of intelligence (left hand)
 i - an amulet of regeneration (around neck)
Wands
 g - a wand of digging (3)
 j - a wand of paralysis (7)
Scrolls
 d - a scroll of magic mapping
 n - a scroll of identify {unknown}
Potions
 k - a potion of experience {unknown}


   Skills:
 + Level 4.5 Fighting
 + Level 3.6 Axes
 + Level 1.9 Armour
 + Level 2.7 Dodging
 + Level 5.8 Stealth


You had 5 spell levels left.
You didn't know any spells.
Your spell library contained the following spells:

 Spells                   Type           Power      Damage    Failure   Level
 Conjure Flame            Conj/Fire      0%         6-21      100%        3
 Ignite Poison            Fire/Tmut/Pois 0%         N/A       100%        3
 Sticky Flame             Conj/Fire      0%         2d3       100%        4


Dungeon Overview and Level Annotations

Branches:
Dungeon (5/15)
 Temple: D:4-7

Altars:

Shops:
D:5 [!(

Annotations:
D:4 Eustachio


Innate Abilities, Weirdness & Mutations

You have a pair of horns on your head.
You reflexively headbutt those who attack you in melee.


Message History

The white imp gestures at you. The puff of frost hits you!
You closely miss the bat. You hit the white imp. The bat barely misses you.
The white imp hits you but does no damage.
The bat hits you but does no damage.
You barely miss the bat.
Your chain mail prevents you from hitting the white imp.
Your surroundings suddenly seem different.
An orc and 3 orc priests come into view.
Found a leather armour.
The orc priest shouts! x2; The orc shouts!
The orc priest shouts!
The orc priest begins to cast a cantrip, but forgets the words!
The orc priest moves out of view.
As you read the scroll of fog, it crumbles to dust.
The scroll dissolves into smoke.
The orc priest hits you with a +0 war axe!
The orc priest closely misses you.
The orc priest calls down the wrath of Beogh upon you.
Beogh smites you! The orc hits you but does no damage.
The orc priest looks braver for a moment.
You see here a +0 leather armour.
The orc priest begins to cast a cantrip, but forgets the words!
The orc hits you but does no damage.
The orc priest begins to cast a cantrip, but forgets the words!
The orc hits you but does no damage. The orc hits you but does no damage.
The orc barely misses you.
The orc priest mumbles some strange prayers to Beogh against you.
Beogh smites you! The orc hits you but does no damage.
The orc priest invokes the aid of Beogh against you.
Beogh smites you!
* * * LOW HITPOINT WARNING * * *
The orc hits you but does no damage.
The orc priest mumbles some strange prayers to Beogh against you.
Beogh smites you!
* * * LOW HITPOINT WARNING * * *
The orc hits you but does no damage.
The orc priest calls down the wrath of Beogh upon you.
Beogh smites you!
You die...

#§§§......
#.##§§§.§....
#.##§§.§.#.##
#.##.....#.#
#.##.§o..#.#
#.#...[..#.#
#.#.####o#.#
#.#....o.#.#
#@######.#.#
#.oooo.....#
############


You could see 3 orc priests and an orc.

Vanquished Creatures
  A black bear (D:5)
  A scorpion (D:5)
  A water moccasin skeleton (D:5)
  A bullfrog zombie (D:5)
  A hound (D:4)
  2 howler monkey skeletons (D:5)
  An orc (D:4)
  An endoplasm (D:4)
  A quokka (D:5)
10 creatures vanquished.

Notes
Turn   | Place    | Note
-------+----------+-------------------------------------------
     0 | D:5      | cbfl8 the Minotaur Delver began the quest for the Orb.
     0 | D:5      | Reached XP level 1. HP: 19/19 MP: 0/0
    23 | D:5      | Reached XP level 2. HP: 3/27 MP: 1/1
    23 | D:5      | Reached XP level 3. HP: 4/33 MP: 2/2
   314 | D:5      | Found Denamuki's Antique Armour Shop.
   443 | D:5      | Noticed a scorpion
   454 | D:5      | Reached skill level 5 in Stealth
   458 | D:5      | Killed a scorpion
   459 | D:5      | Reached XP level 4. HP: 5/40 MP: 3/3
   460 | D:5      | HP: 2/40 [poisoned by a scorpion]
   516 | D:5      | Found Waghaip's Weapon Emporium.
   517 | D:5      | Noticed a black bear
   544 | D:5      | HP: 2/40 [black bear (3)]
   545 | D:5      | Killed a black bear
   546 | D:5      | Reached skill level 1 in Armour
   546 | D:5      | Reached XP level 5. HP: 4/47 MP: 4/4
   764 | D:5      | Noticed an ice beast
  1031 | D:4      | Noticed Eustachio
  1033 | D:4      | Reached XP level 6. HP: 53/53 MP: 5/5
  1147 | D:4      | Killed from afar by an orc priest

Illustrated notes

Levels and vault maps discovered:
D:4:      layout_basic, minmay_temple_entry_fiery, kennysheep_generic_room_5,
          uniq_eustachio
D:5:      layout_basic, serial_shops, shop, shop, nicolae_shop_behind_doors,
          hex_tiny, nrook_mini_backslash

Skill      XL: |  1  2  3  4 |
---------------+-------------+-----
Fighting       | 4 |  4.5
Stealth        | 5 |  5.8
Axes           | 3 |  3.6
Armour         | 1 |  1.9
Dodging        | |  2.7

Action                   |  1- 3 |  4- 6 || total
-------------------------+-------+-------++-------
Melee: Hand axe          |    24 |    47 ||    71
       Headbutt          |     8 |     7 ||    15
  Use: Potion            |       |     2 ||     2
       Scroll            |       |     3 ||     3
Armor: Leather armour    |     4 |       ||     4
       Chain mail        |    11 |    58 ||    69
Dodge: Dodged            |    15 |    33 ||    48
